 Dungeon Crawl Stone Soup version 0.30-a0-718-geaa24f58ff (webtiles) character file.

Game seed: 642383176763818373

8139 mandoloar the Destroyer (level 11, -5/86 HPs)
             Began as a Gnoll Conjurer on Jan 25, 2023.
             Was a Priest of Ashenzari.
             Shot with an arrow by a centaur warrior (20 damage)
             ... on level 9 of the Dungeon.
             The game lasted 00:49:33 (16594 turns).

mandoloar the Destroyer (Gnoll Conjurer)           Turns: 16594, Time: 00:49:34

Health: -5/86      AC:  8    Str:  6    XL:     11   Next: 26%
Magic:  3/24       EV: 15    Int: 22    God:    Ashenzari [***...]
Gold:   683        SH:  0    Dex: 11    Spells: 7/29 levels left

rFire   . . .      SeeInvis +    k - +3 dagger "Elysian Elitism" {venom, Bglg, Cun} (curse)
rCold   + . .      Faith    .    (no shield)
rNeg    . . .      Spirit   .    a - +0 robe of the Profound Repose {Comp, Melee} (curse)
rPois   +          Reflect  .    (no helmet)
rElec   .          Harm     .    n - +0 cloak "Ensconced the Doldrums" {Melee, Alch} (curse)
rCorr   .          Rampage  .    s - +1 pair of gloves "Gaze Upon Infinity" {Evo, Self} (curse)
Will    .....      Clarity  +    t - +1 pair of boots "Mantic Doubts" {Fort, Bglg} (curse)
Stlth   ++++                     (no amulet)
HPRegen 0.34/turn                w - ring of protection from cold
MPRegen 0.19/turn                l - ring of poison resistance

@: very slightly contaminated, studying Long Blades
A: fangs 1, strong nose, distributed training
a: Renounce Religion, Curse Item, Shatter the Chains


You were on level 9 of the Dungeon.
You worshipped Ashenzari.
Ashenzari was most pleased with you.
You visited 2 branches of the dungeon, and saw 11 of its levels.

You collected 683 gold pieces.

Inventory:

Hand Weapons
 k - the cursed +3 dagger "Elysian Elitism" (weapon) {venom, Bglg, Cun}
   (You took it off a goblin on level 2 of the Dungeon)

   It has a curse which improves the following skills: Beguiling: Conjurations,
   Hexes and Translocations.
   Cunning:   Dodging and Stealth.
 A - a +2 short sword of venom
Missiles
 g - 5 throwing nets
Armour
 a - the cursed +0 robe of the Profound Repose (worn) {Comp, Melee}

   It has a curse which improves the following skills: Companions: Summonings
   and Necromancy.
   Melee Combat: Short Blades, Long Blades, Axes, Maces & Flails, Polearms,
   Staves and Unarmed Combat.
 h - a +0 kite shield
 n - the cursed +0 cloak "Ensconced the Doldrums" (worn) {Melee, Alch}
   (You found it on level 2 of the Dungeon)

   It has a curse which improves the following skills: Melee Combat: Short
   Blades, Long Blades, Axes, Maces & Flails, Polearms, Staves and Unarmed
   Combat.
   Alchemy:   Poison Magic and Transmutations.
 s - the cursed +1 pair of gloves "Gaze Upon Infinity" (worn) {Evo, Self}
   (You found it on level 3 of the Dungeon)

   It has a curse which improves the following skills: Evocations: Evocations.
   Introspection: Fighting and Spellcasting.
 t - the cursed +1 pair of boots "Mantic Doubts" (worn) {Fort, Bglg}
   (You found it on level 4 of the Dungeon)

   It has a curse which improves the following skills: Fortitude: Armour and
   Shields.
   Beguiling: Conjurations, Hexes and Translocations.
 z - a +2 cloak
 D - +0 acid dragon scales
Jewellery
 l - a ring of poison resistance (right hand)
 w - a ring of protection from cold (left hand)
 y - a ring of resist corrosion
Wands
 o - a wand of flame (31)
 q - a wand of iceblast (12)
Scrolls
 c - 2 scrolls of fog
 d - a scroll of magic mapping
 i - 2 scrolls of teleportation
 m - 4 scrolls of blinking
 v - a scroll of poison
 B - 2 scrolls of amnesia
 C - a scroll of enchant weapon
Potions
 b - 2 potions of magic
 e - 5 potions of haste
 f - 2 potions of ambrosia
 j - 2 potions of heal wounds
 r - 3 potions of cancellation
 u - 4 potions of curing
 x - 3 potions of brilliance


   Skills:
 + Level 6.3(8.0) Fighting
 + Level 6.3(8.8) Short Blades
 + Level 7.5(10.0) Long Blades
 + Level 6.3(8.8) Axes
 + Level 6.3(8.8) Maces & Flails
 + Level 6.3(8.8) Polearms
 + Level 6.3(8.8) Staves
 + Level 6.3 Ranged Weapons
 + Level 6.3 Throwing
 + Level 6.3(8.0) Armour
 + Level 7.9(9.6) Dodging
 + Level 7.7(9.3) Stealth
 + Level 6.3(8.0) Shields
 + Level 6.3(8.8) Unarmed Combat
 + Level 8.2(9.8) Spellcasting
 + Level 9.0(11.4) Conjurations
 + Level 5.2(7.6) Hexes
 + Level 5.2(6.8) Summonings
 + Level 5.2(6.8) Necromancy
 + Level 5.2(7.6) Translocations
 + Level 5.2(6.8) Transmutations
 + Level 5.2 Fire Magic
 + Level 5.2 Ice Magic
 + Level 5.2 Air Magic
 + Level 5.2 Earth Magic
 + Level 5.2(6.8) Poison Magic
 + Level 7.0 Invocations
 + Level 6.3(8.0) Evocations


You had 7 spell levels left.
You knew the following spells:

 Your Spells              Type           Power      Damage    Failure   Level
a - Magic Dart            Conj           100%       1d8       1%          1
b - Searing Ray           Conj           100%       2d8       1%          2
c - Fulminant Prism       Conj/Hex       26%        3d14      1%          4
d - Iskenderun's Mystic   Conj/Tloc      52%        2d11      1%          4
e - Iron Shot             Conj/Erth      23%        9d5       30%         6
f - Summon Mana Viper     Hex/Summ       42%        N/A       9%          5

Your spell library contained the following spells:

 Spells                   Type           Power      Damage    Failure   Level
 Kiss of Death            Conj/Necr      100%       2d13      1%          1
 Blink                    Tloc           88%        N/A       1%          2
 Call Imp                 Summ           41%        N/A       1%          2
 Cigotuvi's Dreadful Rot  Necr/Pois/Air  76%        N/A       1%          2
 Lesser Beckoning         Tloc           88%        N/A       1%          2
 Momentum Strike          Conj/Tloc      100%       3d10      1%          2
 Poisonous Vapours        Pois/Air       74%        N/A       1%          2
 Confusing Touch          Hex            44%        N/A       1%          3
 Dazzling Flash           Conj/Hex       100%       N/A       1%          3
 Mephitic Cloud           Conj/Pois/Air  45%        N/A       1%          3
 Ozocubu's Armour         Ice            34%        N/A       1%          3
 Dispel Undead            Necr           41%        3d16      3%          4
 Animate Armour           Summ/Erth      74%        N/A       4%          4
 Summon Ice Beast         Ice/Summ       37%        N/A       4%          4
 Summon Forest            Summ/Tloc      21%        N/A       9%          5
 Blade Hands              Tmut           20%        N/A       10%         5
 Metabolic Englaciation   Hex/Ice        19%        N/A       12%         5
 Summon Cactus Giant      Summ           20%        N/A       50%         6
 Simulacrum               Ice/Necr       18%        N/A       61%         6
 Monstrous Menagerie      Summ           20%        N/A       97%         7


Dungeon Overview and Level Annotations

Branches:
Dungeon (10/15)            Temple (1/1) D:4            Lair (0/5) D:9
    Orc: D:9-12

Altars:
Ashenzari
Cheibriados
Dithmenos
Elyvilon
Gozag
Hepliaklqana
Kikubaaqudgha
Makhleb
Nemelex Xobeh
Okawaru
Qazlal
Ru
Sif Muna
Trog
Uskayaw
Vehumet
Wu Jian
Xom
Yredelemnul
Zin

Shops:
D:8 *

Annotations:
D:5 3 runed translucent doors, Jingleheimer's ghost, novice VSGl


Innate Abilities, Weirdness & Mutations

You have very sharp teeth.
Your uncanny sense of smell can sniff out nearby items.
Your experience applies equally to all skills.


Message History

Your mana viper bites the centaur warrior!
The centaur warrior wields a +0 shortbow.
The centaur warrior shoots an arrow.
The arrow hits your mana viper!
Your mana viper barely misses the centaur warrior.
The centaur warrior shoots an arrow.
The arrow hits your mana viper!
Your mana viper bites the centaur warrior!
The centaur warrior unwields a +0 shortbow.
The centaur warrior hits your mana viper!
The centaur warrior barely misses your mana viper.
Your mana viper bites the centaur warrior.
The centaur warrior hits your mana viper.
Your mana viper dies!
Your mana viper disappears in a puff of smoke!
The centaur warrior shouts!
Casting: Summon Mana Viper (dangerous; 9% risk of failure)
Confirm with . or Enter, or press ? or * to list all spells.
You miscast Summon Mana Viper.
You are very lightly contaminated with residual magic.
A fistful of eyes flickers past your view.
A nameless horror comes into view.
The centaur warrior wields a +0 shortbow.
The centaur warrior shoots an arrow.
The arrow barely misses you.
The centaur warrior shoots an arrow.
The arrow hits you!
The nameless horror attacks as you move away!
The nameless horror hits you.
You feel your power leaking away.
The centaur warrior shoots an arrow.
The arrow completely misses you.
The centaur warrior shoots an arrow.
The arrow hits you!
Casting: Summon Mana Viper (dangerous; 9% risk of failure)
Confirm with . or Enter, or press ? or * to list all spells.
Aiming: Fulminant Prism (mildly dangerous; 1% risk of failure)
Press: ? - help, Dir - move target You conjure a prism of explosive energy!
A fulminant prism comes into view.
The centaur warrior shoots an arrow.
The arrow hits your fulminant prism!!
Your fulminant prism detonates feebly.
The centaur warrior shoots an arrow.
The arrow hits you!!
* * * LOW HITPOINT WARNING * * *
The centaur warrior shoots an arrow.
The arrow hits you!!
You die...

.#.........#.#.#.#.#.......#.#.#
.#........#.#.#.#.#.#.......#.##
.#.....#.#.#.#.#.#.#.......#.#.##
.#.####.#.#.#.#.#.#.#.#.#'#.#.#..
....##.#.#.#.#.#.#.#.#.#.#.#.#.#.
.#....#.#.#.#.#.#.......#.#.#.#..
.#.###.#.#.#.#.#'........#.#.#.##
.#.# ##.#.#.#.#.#.......#.#.#.#..
.#.# #.#.#.#.#.#@#.#.#.#.#.#.#.#.
##.# ##.#.#.#.#.#.#.#.#.#.#.#.#..
#.# #.#.#.#.#.#.#.#.#.#.#.#.#.>.
#.# ##.#.#.#.#.#.#.#.#.#.#.#.##.
##.# #.#.#.#.#.#.#.#.#.#.#.#.#.#.
...# ##.#X#c#.#.#.#.#.#.#.#.#.##.
######.#.#.#.#.#.#.#.#.#.#.#.#.#.
.)..c...#.#.#.#.#.#.#.#.#........
######.#.#.#.#.#.#.#.#.#.#.......


You could see a centaur warrior.

Vanquished Creatures
  A two-headed ogre (D:9)
  An efreet (D:9)
  2 trolls (D:9)
  Grinder (D:4)
  A nameless horror (D:6)
  Prince Ribbit (D:6)
  3 slime creatures (D:9)
  3 yaks (D:8)
  4 steam dragons
  An acid dragon (D:9)
  3 water moccasins
  2 orc warriors (D:9)
  An ice beast (D:6)
  2 black bears
  3 centaurs (D:9)
  3 kobold brigands
  4 gnoll sergeants
  4 scorpions
  A necrophage (D:5)
  2 howler monkeys (D:9)
  4 gnoll boudas
  3 orc priests
  13 hounds
  Crazy Yiuf (D:2)
  2 iguanas
  2 orc wizards
  39 gnolls
  11 adders
  5 white imps
  An ufetubus (D:6)
  3 dart slugs
  8 orcs
  10 endoplasms
  5 giant cockroaches
  9 goblins
  6 hobgoblins
  12 jackals
  3 quokkas
  4 ball pythons
  5 bats
  2 frilled lizards
  25 kobolds
  7 rats
  A spectral orc (D:8)
224 creatures vanquished.

Vanquished Creatures (collateral kills)
  A death knight (D:9)
  A two-headed ogre (D:9)
  A manticore (D:6)
  2 scorpions (D:6)
  A gnoll bouda (D:6)
  An orc wizard (D:9)
  An adder (D:6)
  A white imp (D:6)
  An orc (D:9)
10 creatures vanquished.

Vanquished Creatures (others)
  161 fulminant prisms
  17 plants
178 creatures vanquished.

Grand Total: 412 creatures vanquished

Notes
Turn   | Place    | Note
-------+----------+-------------------------------------------
     0 | D:1      | mandoloar the Gnoll Conjurer began the quest for the Orb.
     0 | D:1      | Reached XP level 1. HP: 13/13 MP: 6/6
   311 | D:1      | Reached XP level 2. HP: 19/19 MP: 3/7
   349 | D:1      | Learned a level 2 spell: Searing Ray
   666 | D:1      | Reached skill level 5 in Spellcasting
   666 | D:1      | Reached XP level 3. HP: 25/25 MP: 6/9
  1234 | D:2      | Reached skill level 1 in Invocations
  1322 | D:2      | Reached skill level 1 in Fighting
  1322 | D:2      | Reached skill level 1 in Short Blades
  1322 | D:2      | Reached skill level 1 in Long Blades
  1322 | D:2      | Reached skill level 1 in Axes
  1322 | D:2      | Reached skill level 1 in Maces & Flails
  1322 | D:2      | Reached skill level 1 in Polearms
  1322 | D:2      | Reached skill level 1 in Staves
  1322 | D:2      | Reached skill level 1 in Ranged Weapons
  1322 | D:2      | Reached skill level 1 in Throwing
  1322 | D:2      | Reached skill level 1 in Armour
  1322 | D:2      | Reached skill level 1 in Shields
  1322 | D:2      | Reached skill level 1 in Unarmed Combat
  1322 | D:2      | Reached skill level 1 in Evocations
  1357 | D:2      | Reached XP level 4. HP: 32/32 MP: 3/11
  1421 | D:2      | Learned a level 4 spell: Fulminant Prism
  1426 | D:2      | Learned a level 4 spell: Iskenderun's Mystic Blast
  1530 | D:2      | Reached skill level 1 in Hexes
  1530 | D:2      | Reached skill level 1 in Summonings
  1530 | D:2      | Reached skill level 1 in Necromancy
  1530 | D:2      | Reached skill level 1 in Translocations
  1530 | D:2      | Reached skill level 1 in Transmutations
  1530 | D:2      | Reached skill level 1 in Fire Magic
  1530 | D:2      | Reached skill level 1 in Ice Magic
  1530 | D:2      | Reached skill level 1 in Air Magic
  1530 | D:2      | Reached skill level 1 in Earth Magic
  1530 | D:2      | Reached skill level 1 in Poison Magic
  2087 | D:2      | Found a runed translucent door.
  2088 | D:2      | Noticed Crazy Yiuf
  2221 | D:2      | Killed Crazy Yiuf
  2222 | D:2      | Reached XP level 5. HP: 37/37 MP: 7/12
  3318 | D:3      | Found an ornate altar of the Wu Jian Council.
  3405 | D:3      | Found a shadowy altar of Dithmenos.
  3800 | D:4      | Found a staircase to the Ecumenical Temple.
  3809 | Temple   | Entered the Ecumenical Temple
  3909 | Temple   | Became a worshipper of Ashenzari the Shackled
  3972 | D:4      | Noticed a water moccasin
  3981 | D:4      | Killed a water moccasin
  3982 | D:4      | Reached skill level 5 in Dodging
  3982 | D:4      | Reached XP level 6. HP: 25/44 MP: 2/14
  4127 | D:5      | Entered Level 5 of the Dungeon
  4238 | D:4      | Found a white marble altar of Elyvilon.
  4579 | D:4      | You fall into a shaft and drop 3 floors!
  4597 | D:6      | Noticed an ice beast
  4603 | D:6      | Killed an ice beast
  4729 | D:4      | Reached XP level 7. HP: 50/50 MP: 3/15
  4978 | D:4      | Found a burning altar of Makhleb.
  5599 | D:5      | Found a runed translucent gate.
  5599 | D:5      | Found a runed translucent gate.
  5599 | D:5      | Found a runed translucent gate.
  5599 | D:5      | Noticed Jingleheimer's ghost (novice VSGl)
  5856 | D:4      | Reached skill level 5 in Stealth
  6653 | D:5      | Reached XP level 8. HP: 58/58 MP: 6/16
  6746 | D:5      | Noticed Grinder
  6748 | D:5      | Paralysed by Grinder for 2 turns
  6879 | D:4      | Paralysed by Grinder for 3 turns
  6890 | D:4      | Killed Grinder
  8645 | D:5      | Reached * piety under Ashenzari
  9025 | D:5      | Found a hide-covered altar of Uskayaw.
  9503 | D:5      | Reached XP level 9. HP: 60/65 MP: 7/18
 10202 | D:6      | Reached ** piety under Ashenzari
 10349 | D:6      | Noticed a manticore
 10367 | D:6      | Reached skill level 8 in Conjurations
 10449 | D:5      | Learned a level 6 spell: Iron Shot
 10455 | D:5      | Learned a level 5 spell: Summon Mana Viper
 10555 | D:6      | Noticed a nameless horror
 10568 | D:6      | Killed a nameless horror
 10761 | D:6      | Killed a manticore
 10762 | D:6      | Reached skill level 5 in Invocations
 11119 | D:6      | Noticed Prince Ribbit
 11127 | D:6      | Killed Prince Ribbit
 11715 | D:7      | Reached skill level 5 in Fighting
 11715 | D:7      | Reached skill level 5 in Short Blades
 11715 | D:7      | Reached skill level 5 in Long Blades
 11715 | D:7      | Reached skill level 5 in Axes
 11715 | D:7      | Reached skill level 5 in Maces & Flails
 11715 | D:7      | Reached skill level 5 in Polearms
 11715 | D:7      | Reached skill level 5 in Staves
 11715 | D:7      | Reached skill level 5 in Ranged Weapons
 11715 | D:7      | Reached skill level 5 in Throwing
 11715 | D:7      | Reached skill level 5 in Armour
 11715 | D:7      | Reached skill level 5 in Shields
 11715 | D:7      | Reached skill level 5 in Unarmed Combat
 11715 | D:7      | Reached skill level 5 in Evocations
 11715 | D:7      | Reached XP level 10. HP: 71/76 MP: 17/22
 13217 | D:8      | Found a hazy altar of Hepliaklqana.
 13510 | D:8      | Reached *** piety under Ashenzari
 13619 | D:8      | Found an opulent altar of Gozag.
 13621 | D:8      | Found Gozag's Platinum Reserve.
 13798 | D:8      | Found a snail-covered altar of Cheibriados.
 13881 | D:8      | Found a shimmering blue altar of Sif Muna.
 14202 | D:9      | Noticed a two-headed ogre
 14202 | D:9      | Noticed a two-headed ogre
 14214 | D:9      | Noticed a centaur warrior
 14250 | D:9      | Killed a two-headed ogre
 14660 | D:9      | Noticed a death knight
 15252 | D:10     | Entered Level 10 of the Dungeon
 15344 | D:9      | Reached skill level 5 in Hexes
 15344 | D:9      | Reached skill level 5 in Summonings
 15344 | D:9      | Reached skill level 5 in Necromancy
 15344 | D:9      | Reached skill level 5 in Translocations
 15344 | D:9      | Reached skill level 5 in Transmutations
 15344 | D:9      | Reached skill level 5 in Fire Magic
 15344 | D:9      | Reached skill level 5 in Ice Magic
 15344 | D:9      | Reached skill level 5 in Air Magic
 15344 | D:9      | Reached skill level 5 in Earth Magic
 15344 | D:9      | Reached skill level 5 in Poison Magic
 15502 | D:9      | Reached XP level 11. HP: 85/85 MP: 11/24
 16209 | D:9      | Killed a death knight
 16418 | D:9      | Found a staircase to the Lair.
 16573 | D:9      | Killed a two-headed ogre
 16574 | D:9      | Reached skill level 9 in Conjurations
 16594 | D:9      | Shot with an arrow by a centaur warrior

Illustrated notes

Levels and vault maps discovered:
D:1:      evilmike_arrival_hilbert_curve, layout_loops_cross,
          hangedman_decor_growths, kennysheep_boxes
D:2:      layout_basic, st_stairs_10, palyth_stone_intersect,
          minmay_hexomino_c4, uniq_crazy_yiuf_cottage
D:3:      wad_crossroads, layout_basic, mainiacjoe_overflow_paths,
          mainiacjoe_overflow_alcove_2, dk_noncrumbling_2
D:4:      layout_gridville, nicolae_overflow_crystal_walls,
          makhleb_blood_cavern_becter, minmay_temple_entry_junction,
          portal_sewer_entry_d
D:5:      layout_cave_pools, mainiacjoe_overflow_six_doors_small,
          serial_gnoll_camp, gnoll_camp_mini_basic, gnoll_camp_mini_loothouse,
          gnoll_camp_mini_hut, gnoll_camp_huts_moat, gnoll_camp_medium_02,
          gammafunk_ghost_necromancy, uniq_grinder
D:6:      minmay_clustersquares, layout_loops_cross, uniq_prince_ribbit1
D:7:      layout_cave_pools, grunt_ministairs_11, dreamdust_princess_corridor
D:8:      layout_gridville, nicolae_gozag_zags_fifth_avenue,
          nicolae_hepliaklqana_monster_ancestors,
          mainiacjoe_overflow_divided_tiny
D:9:      nzn_winding_woodlands_three_and_one
          [nzn_winding_woodlands_5x15_lazy_stream,
          nzn_winding_woodlands_5x15_sawtooth,
          nzn_winding_woodlands_5x15_garden,
          nzn_winding_woodlands_center_triple_pond], layout_basic,
          lair_entry_dummy
D:10:     layout_roguey, marbit_many_paths, fedhas_altar_2,
          trove_entry_hex_spiral, serial_undead, serial_undead_a,
          serial_undead_a, serial_undead_f, serial_undead_f
Temple:   jpeg_temple_clearing

Skill      XL: |  1  2  3  4  5  6  7  8  9 10 11 |
---------------+----------------------------------+-----
Spellcasting   | 5 6 7 8 |  8.2
Invocations    | 1 2 3 4 5 6 7 |  7.0
Fighting       | 1 2 3 5 6 |  6.3
Short Blades   | 1 2 3 5 6 |  6.3
Long Blades    | 1 2 3 5 7 |  7.5
Axes           | 1 2 3 5 6 |  6.3
Maces & Flails | 1 2 3 5 6 |  6.3
Polearms       | 1 2 3 5 6 |  6.3
Staves         | 1 2 3 5 6 |  6.3
Ranged Weapons | 1 2 3 5 6 |  6.3
Throwing       | 1 2 3 5 6 |  6.3
Armour         | 1 2 3 5 6 |  6.3
Shields        | 1 2 3 5 6 |  6.3
Unarmed Combat | 1 2 3 5 6 |  6.3
Evocations     | 1 2 3 5 6 |  6.3
Hexes          | 1 2 3 4 5 |  5.2
Summonings     | 1 2 3 4 5 |  5.2
Necromancy     | 1 2 3 4 5 |  5.2
Translocations | 1 2 3 4 5 |  5.2
Transmutations | 1 2 3 4 5 |  5.2
Fire Magic     | 1 2 3 4 5 |  5.2
Ice Magic      | 1 2 3 4 5 |  5.2
Air Magic      | 1 2 3 4 5 |  5.2
Earth Magic    | 1 2 3 4 5 |  5.2
Poison Magic   | 1 2 3 4 5 |  5.2
Dodging        | 5 6 7 |  7.9
Stealth        | 5 6 7 |  7.7
Conjurations   | 8 9 |  9.0

Action                     |  1- 3 |  4- 6 |  7- 9 | 10-12 || total
---------------------------+-------+-------+-------+-------++-------
  Melee: Dagger            |       |       |     2 |     1 ||     3
         Punch             |       |       |       |     1 ||     1
   Cast: Magic Dart        |    60 |    70 |    25 |       ||   155
         Searing Ray       |     1 |     9 |    11 |     7 ||    28
         Fulminant Prism   |       |     3 |    83 |    75 ||   161
         Iskenderun's Myst |       |       |     7 |    16 ||    23
         Summon Mana Viper |       |       |     4 |     5 ||     9
 Invoke: Curse Item        |       |     1 |     2 |     2 ||     5
    Use: Scroll            |       |    11 |     3 |     1 ||    15
 Armour: Robe              |       |     7 |    35 |    11 ||    53
  Dodge: Dodged            |     5 |    23 |    74 |    38 ||   140

Table legend: (Time is in decaauts)
 A = Elapsed time spent in this place.
 B = Non-inter-level travel time spent in this place.
 C = Inter-level travel time spent in this place.
 D = Time resting spent in this place.
 E = Time spent auto-exploring this place.
 F = Levels seen in this place.
 G = Mean time per level.
                   A        B        C        D        E       F      G
               +--------+--------+--------+--------+--------+-----+--------+
         Total |  16640 |  16105 |    535 |   6464 |   6947 |  11 | 1512.7 |
       Dungeon |  16525 |  16027 |    498 |   6464 |   6883 |  10 | 1652.5 |
        Temple |    114 |     77 |     37 |      0 |     64 |   1 |  114.0 |
               +--------+--------+--------+--------+--------+-----+--------+

Top non-repeatable levels by time:
     D:4: 3509 daAuts
     D:5: 2928 daAuts
     D:9: 2106 daAuts
     D:8: 1678 daAuts
     D:6: 1644 daAuts
     D:3: 1203 daAuts
     D:2: 1157 daAuts
     D:1: 1156 daAuts
     D:7: 1136 daAuts
  Temple: 114 daAuts
    D:10: 3 daAuts
